 Dungeon Crawl Stone Soup version 0.19.4 (webtiles) character file.

18 juanjsm the Sneak (level 2, 0/14 HPs)
             Began as a Spriggan Enchanter on Feb 5, 2017.
             Slain by a gnoll
             ... wielding a +0 spear
              (10 damage)
             ... on level 2 of the Dungeon.
             The game lasted 00:03:40 (852 turns).

juanjsm the Sneak (Spriggan Enchanter)               Turns: 852, Time: 00:03:40

Health: 0/14       AC:  4    Str:  4    XL:     2   Next: 51%
Magic:  1/6        EV: 19    Int: 16    God:
Gold:   39         SH:  0    Dex: 16    Spells: 2 memorised, 3 levels left

rFire  . . .     SeeInvis +     a - +1 dagger
rCold  . . .     Gourm    .     b - +1 robe
rNeg   . . .     Faith    .     (shield restricted)
rPois  .         Spirit   .     (helmet restricted)
rElec  .         Reflect  .     k - +0 cloak
rCorr  .         Harm     .     (gloves unavailable)
MR     .....                    (boots unavailable)
Stlth  +++.......               (no amulet)
                                (no ring)
                                (no ring)

@: very quick
A: unfitting armour, see invisible, herbivore 3, speed 3, slow metabolism 2
a: no special abilities


You were on level 2 of the Dungeon.
You were not hungry.

You visited 1 branch of the dungeon, and saw 2 of its levels.

You collected 39 gold pieces.

Inventory:

Hand Weapons
 a - a +1 dagger (weapon)
Armour
 b - a +1 robe (worn)
 k - a +0 cloak (worn)
Scrolls
 e - 2 scrolls of identify {unknown}
 g - 2 scrolls of remove curse {unknown}
 l - a scroll of recharging {unknown}
Potions
 f - a potion of magic {unknown}
 i - 2 potions of brilliance {unknown}
 j - a potion of haste {unknown}
Books
 c - a book of Maledictions

   Spells                             Type                      Level
   a - Corona                         Hexes                        1
   b - Ensorcelled Hibernation        Hexes/Ice                    2
   c - Confuse                        Hexes                        3
   d - Tukima's Dance                 Hexes                        3
   e - Dazzling Spray                 Conjuration/Hexes            3
Comestibles
 d - 3 bread rations
 h - 3 fruits


   Skills:
 + Level 1.0 Fighting
 + Level 1.1 Short Blades
 + Level 3.5 Dodging
 + Level 4.6 Stealth
 + Level 2.9 Spellcasting
 + Level 3.7 Hexes


You had 3 spell levels left.
You knew the following spells:

 Your Spells              Type           Power        Failure   Level  Hunger
a - Corona                Hex            ##.....      4%          1    #......
b - Ensorcelled Hibernat  Hex/Ice        #.....       14%         2    ##.....


Dungeon Overview and Level Annotations

Branches:
Dungeon (2/15)

Altars:
Yredelemnul


Innate Abilities, Weirdness & Mutations

You are very small and have problems with some larger weapons.
You are too small for most types of armour.
You have supernaturally acute eyesight. (SInv)
You are a herbivore.
You cover ground extremely quickly.
You need consume almost no food.


Message History

You see here a stone.
Casting: Ensorcelled Hibernation
Confirm with . or Enter, or press ? or * to list all spells.
Aiming: Ensorcelled Hibernation
Press: ? - help, Shift-Dir - straight line, f - gnoll
Aim: a gnoll, wielding a spear (chance to defeat MR: 49%)
The gnoll looks drowsy...
The gnoll shouts!
You hear a shout! x2
The gnoll closely misses you.
You hit the gnoll.
The gnoll is lightly wounded.
The gnoll hits you with a spear.
Casting: Ensorcelled Hibernation
Confirm with . or Enter, or press ? or * to list all spells.
Aiming: Corona
Press: ? - help, Shift-Dir - straight line, f/p - gnoll
Aim: a gnoll, wielding a spear (lightly wounded, chance to defeat MR: 60%)
The gnoll is outlined in light.
The gnoll hits you with a spear!
Ouch! That really hurt!
You die...

#..........
#........g.
#####.......g..
#..............
#..........g).. #'#
#(# #g##### ##@)..(#
######..#.#.###
#.............#
#.....###'###.#
#.....# #.# #.##
#.....###.###..#
#.....+.._###..#
######.....###.###..#
#..........# #.# #..#


You could see a gnoll.

Vanquished Creatures
  A ball python (D:1)
  2 giant cockroaches (D:1)
  2 hobgoblins (D:1)
  3 bats
  A frilled lizard (D:1)
  2 goblins (D:1)
  4 kobolds
  2 rats (D:1)
17 creatures vanquished.

Notes
Turn   | Place    | Note
-------+----------+-------------------------------------------
     0 | D:1      | juanjsm the Spriggan Enchanter began the quest for the Orb.
     0 | D:1      | Reached XP level 1. HP: 9/9 MP: 5/5
   360 | D:1      | Reached XP level 2. HP: 12/14 MP: 6/6
   364 | D:1      | Learned a level 2 spell: Ensorcelled Hibernation
   758 | D:2      | Found a basalt altar of Yredelemnul.
   818 | D:2      | Reached skill level 1 in Fighting
   852 | D:2      | Slain by a gnoll

Skill      XL: |  1  2 |
---------------+-------+-----
Fighting       | 1 |  1.0
Short Blades   | |  1.1
Dodging        | |  3.5
Stealth        | |  4.6
Spellcasting   | |  2.9
Hexes          | |  3.7

Action                   || total
-------------------------++-------
Melee: Dagger            ||    32
 Cast: Corona            ||     3
       Ensorcelled Hiber ||    11
 Stab: Sleeping          ||    13
Armor: Robe              ||     4
Dodge: Dodged            ||    23
